 Dungeon Crawl Stone Soup version 0.27-a0-103-g6cd7b45605 (webtiles) character file.

Game seed: 14204304475468006850

298 vurker the Gusty (level 6, 0/52 HPs)
             Began as a Tengu Air Elementalist on Jan 22, 2021.
             Slain by a river rat (2 damage)
             ... summoned by Eustachio
             ... on level 4 of the Dungeon.
             The game lasted 00:06:10 (3832 turns).

vurker the Gusty (Tengu Air Elementalist)           Turns: 3832, Time: 00:06:11

Health: 0/52       AC:  3    Str:  4    XL:     6   Next: 35%
Magic:  0/12       EV: 13    Int: 17    God:
Gold:   121        SH:  0    Dex: 15    Spells: 2/12 levels left

rFire    . . .     SeeInvis .   w - +1 short sword (holy)
rCold    . . .     Faith    .   (no shield)
rNeg     . . .     Spirit   .   a - +0 robe
rPois    .         Reflect  .   (helmet restricted)
rElec    .         Harm     .   r - +0 cloak
rCorr    .         Rampage  .   (no gloves)
Will     .....                  (boots unavailable)
Stlth    ..........             (no amulet)
HPRegen  0.17/turn              v - -4 ring of strength (curse)
MPRegen  0.13/turn              (no ring)

@: berserking, very quick
A: beak, talons 3, able to fly
a: Fly


You were on level 4 of the Dungeon.
You visited 1 branch of the dungeon, and saw 4 of its levels.

You collected 121 gold pieces.

Inventory:

Hand Weapons
 w - a +1 short sword of holy wrath (weapon)
   (You took it off Robin on level 4 of the Dungeon)
Armour
 a - a +0 robe (worn)
 r - a +0 cloak (worn)
   (You found it on level 2 of the Dungeon)
Jewellery
 v - a cursed -4 ring of strength (left hand)
   (You found it on level 3 of the Dungeon)
Scrolls
 b - 2 scrolls of blinking {unknown}
 c - 6 scrolls of remove curse {unknown}
 g - 2 scrolls of enchant armour {unknown}
 h - 2 scrolls of magic mapping {unknown}
 i - 2 scrolls of enchant weapon {unknown}
 j - a scroll of amnesia {unknown}
 k - 2 scrolls of teleportation {unknown}
 m - a scroll of immolation {unknown}
 n - 3 scrolls of identify {unknown}
 p - 2 scrolls of noise {unknown}
Potions
 d - 2 potions of might {unknown}
 f - 2 potions of heal wounds
 l - a potion of haste {unknown}
 o - 2 potions of curing
 s - a potion of resistance {unknown}
 t - a potion of brilliance {unknown}
 u - a potion of attraction {unknown}


   Skills:
 + Level 2.2 Fighting
 - Level 2.1 Dodging
 - Level 2.0 Stealth
 * Level 3.8 Spellcasting
 + Level 3.4 Conjurations
 * Level 6.1 Air Magic


You had 2 spell levels left.
You knew the following spells:

 Your Spells              Type           Power        Failure   Level
a - Shock                 Conj/Air       76%          2%          1
b - Lightning Bolt        Conj/Air       9%           52%         5
c - Airstrike             Air            12%          13%         4

Your spell library contained the following spells:

 Spells                   Type           Power        Failure   Level
 Swiftness                Air            24%          1%          2
 Static Discharge         Conj/Air       19%          7%          3


Dungeon Overview and Level Annotations

Branches:
Dungeon (4/15)
 Temple: D:4-7

Altars:
Fedhas
Nemelex Xobeh

Annotations:
D:3 Sigmund
D:4 Eustachio


Innate Abilities, Weirdness & Mutations

You have a beak for a mouth.
You have claws for feet.
You can fly continuously.


Message History

A ball python comes into view.
Aim: Eustachio, wielding a +0 falchion and wearing a +0 leather armour (severely wounded, 40% to evade)
The zap hits the crimson imp.
The zap hits the river rat.
The zap hits Eustachio.
The ball python hisses angrily.
The crimson imp hits you.
* * * LOW HITPOINT WARNING * * *
The river rat bites you.
* * * LOW HITPOINT WARNING * * *
You feel much better.
The crimson imp blinks!
The river rat bites you.
Eustachio mumbles some strange words.
Eustachio blinks!
You closely miss the iron imp. The river rat bites you. The iron imp hits you!
Unknown command.
You hit the iron imp but do no damage. Your kick misses the iron imp.
You peck the iron imp, but do no damage.
The river rat bites you. The iron imp misses you.
You closely miss the iron imp.
You claw the iron imp, but do no damage.
The river rat bites you. The iron imp hits you.
* * * LOW HITPOINT WARNING * * *
You hit the iron imp.
The iron imp convulses.
The river rat bites you but does no damage.
The zap hits the iron imp.
The iron imp completely resists.
The zap hits the quokka.
The zap hits Eustachio.
The zap misses Eustachio.
The zap hits the quokka.
You kill the quokka!
The quokka's corpse disappears in a puff of smoke!
The zap hits the iron imp.
The iron imp resists.
The iron imp hits you!
* * * LOW HITPOINT WARNING * * *
The river rat misses you.
Eustachio casts a spell.
Eustachio blinks!
It was a potion of berserk rage.
A red film seems to cover your vision as you go berserk!
You feel yourself moving faster!
You feel mighty!
The shadow imp disappears in a puff of smoke!
The river rat bites you!
* * * LOW HITPOINT WARNING * * *
The iron imp closely misses you.
You puncture the iron imp!
The iron imp convulses!
You kill the iron imp!
The river rat misses you.
Eustachio mumbles some strange words.
Eustachio blinks!
You puncture the river rat!
You kill the river rat!
The river rat's corpse disappears in a puff of smoke!
The river rat bites you.
You die...

###########<#.....#
#.#.....#####
#.#..>.......
#.#.§........
#.###.#######.#
#.###.§.).....#
#.....r########
######5# #@# #r#
#S# #.# ..# ...
.... .... ......


You could see a crimson imp (summoned), a river rat (summoned), a ball python
and a rat (summoned).

Vanquished Creatures
  A scorpion (D:4)
  A hound (D:4)
  Terence (D:1)
  Natasha (thrice) (D:3)
  Robin (D:4)
  3 adders
  A worm (D:3)
  A dart slug (D:3)
  2 leopard geckos
  An orc (D:4)
  2 ball pythons (D:2)
  4 giant cockroaches
  15 hobgoblins
  4 jackals (D:4)
  5 kobolds
  6 bats
  3 frilled lizards (D:1)
  10 goblins
  6 rats
70 creatures vanquished.

Notes
Turn   | Place    | Note
-------+----------+-------------------------------------------
     0 | D:1      | vurker the Tengu Air Elementalist began the quest for the
                  | Orb.
     0 | D:1      | Reached XP level 1. HP: 10/10 MP: 4/4
   179 | D:1      | Reached XP level 2. HP: 16/16 MP: 0/6
   877 | D:1      | Reached XP level 3. HP: 15/20 MP: 3/7
   965 | D:1      | Found a sparkling altar of Nemelex Xobeh.
  1267 | D:2      | Noticed Terence
  1286 | D:1      | Killed Terence
  1287 | D:1      | Reached skill level 1 in Fighting
  1375 | D:1      | Reached XP level 4. HP: 19/25 MP: 5/9
  1612 | D:2      | Reached skill level 5 in Air Magic
  1813 | D:2      | Found a blossoming altar of Fedhas.
  2107 | D:3      | Noticed Natasha
  2110 | D:3      | Killed Natasha
  2144 | D:3      | Gained mutation: You can fly continuously. [Tengu growth]
  2144 | D:3      | Reached XP level 5. HP: 25/29 MP: 3/10
  2297 | D:3      | Noticed Natasha
  2304 | D:3      | Killed Natasha
  2444 | D:3      | Noticed Sigmund
  2711 | D:2      | Learned a level 5 spell: Lightning Bolt
  2716 | D:2      | Learned a level 4 spell: Airstrike
  3062 | D:3      | Noticed Natasha
  3071 | D:3      | Killed Natasha
  3517 | D:4      | Noticed Robin
  3521 | D:4      | Killed Robin
  3614 | D:4      | Reached skill level 6 in Air Magic
  3614 | D:4      | Reached XP level 6. HP: 35/35 MP: 5/12
  3791 | D:4      | Noticed Eustachio
  3830 | D:4      | HP: 2/52 [river rat[Eustachio] (8)]
  3832 | D:4      | Slain by a river rat

Illustrated notes

Levels and vault maps discovered:
D:1:      roderic_octagonal_star, layout_basic, nemelex_diamond_rough_becter
D:2:      minmay_recursive_quarters, layout_rooms, fedhas_altar_1, uniq_terence
D:3:      layout_loops_cross, uniq_sigmund, uniq_natasha
D:4:      layout_basic, serial_curves, eino_curves_03, eino_curves_01,
          uniq_robin, uniq_eustachio

Skill      XL: |  1  2  3  4  5 |
---------------+----------------+-----
Conjurations   | 2 3 |  3.4
Fighting       | 1 2 |  2.2
Air Magic      | 5 6 |  6.1
Spellcasting   | 3 |  3.8
Dodging        | |  2.1
Stealth        | |  2.0

Action                   |  1- 3 |  4- 6 || total
-------------------------+-------+-------++-------
Melee: Unarmed           |     2 |       ||     2
       Kick              |     1 |     3 ||     4
       Peck              |     1 |     3 ||     4
       Short sword       |       |    19 ||    19
 Cast: Shock             |    61 |   119 ||   180
  Use: Potion            |       |     4 ||     4
Armor: Robe              |     2 |     2 ||     4
Dodge: Dodged            |     8 |    31 ||    39

Table legend: (Time is in decaauts)
 A = Elapsed time spent in this place.
 B = Non-inter-level travel time spent in this place.
 C = Inter-level travel time spent in this place.
 D = Time resting spent in this place.
 E = Time spent auto-exploring this place.
 F = Levels seen in this place.
 G = Mean time per level.
                   A        B        C        D        E       F      G
               +--------+--------+--------+--------+--------+-----+--------+
         Total |   3835 |   3736 |     99 |    337 |   2899 |   4 |  958.8 |
       Dungeon |   3835 |   3736 |     99 |    337 |   2899 |   4 |  958.8 |
               +--------+--------+--------+--------+--------+-----+--------+

Top non-repeatable levels by time:
     D:1: 1402 daAuts
     D:3: 1029 daAuts
     D:2: 971 daAuts
     D:4: 431 daAuts
